SA
SYRACUSE STORM @ BELLEVUE BRUINS
08/07/2028
 
TOP OF THE 1ST
Syracuse Storm batting - Pitching for Bellevue Bruins : RHP Jorge Travieso
Pitching: RHP Jorge Travieso
Batting: LHB Juan Caro 0-0: Swinging Strike
0-1: Ball
1-1: Ball
2-1: Ball
3-1: Ground out 1-3 (Groundball, P)
Batting: LHB António Paez 0-0: Ball
1-0: Foul Ball, location: 2F
1-1: Swinging Strike
1-2: Ball
2-2: Fly out, F8 (Flyball, 89S)
Batting: RHB Scotty Smalls 0-0: Called Strike
0-1: Ball
1-1: Ball
2-1: Ball
3-1: Foul Ball, location: 2F
3-2: Foul Ball, location: 2F
3-2: Strikes out looking
Top of the 1st over - 0 run(s), 0 hit(s), 0 error(s), 0 left on base; Syracuse 0 - Bellevue 0
BOTTOM OF THE 1ST
Bellevue Bruins batting - Pitching for Syracuse Storm : LHP Shi-xian Kuai
Pitching: LHP Shi-xian Kuai
Batting: SHB Jorge Ayala 0-0: Ground out 5-3 (Groundball, 5L)
Batting: RHB Ernesto Bea 0-0: Ball
1-0: Ball
2-0: Foul Ball, location: 2F
2-1: DOUBLE (Groundball, 5L)
Batting: RHB Ernesto Trevino 0-0: Foul Ball, location: 2F
0-1: Swinging Strike
0-2: Ball
1-2: Strikes out swinging
Batting: RHB Miguel Elías 0-0: Ball
1-0: Foul Ball, location: 2F
1-1: Called Strike
1-2: Ball
2-2: Ball
3-2: Foul Ball, location: 2F
3-2: TRIPLE (Flyball, 9D)
Ernesto Bea scores
Batting: RHB Richard Cutshall 0-0: Called Strike
0-1: DOUBLE (Line Drive, 9LM)
Miguel Elías scores
Batting: RHB Rafael Aguilar 0-0: Ball
1-0: Ball
2-0: Ground out 5-3 (Groundball, 56)
Bottom of the 1st over - 2 run(s), 3 hit(s), 0 error(s), 1 left on base; Syracuse 0 - Bellevue 2
TOP OF THE 2ND
Syracuse Storm batting - Pitching for Bellevue Bruins : RHP Jorge Travieso
Batting: RHB Tommy Caplinger 0-0: Called Strike
0-1: Foul Ball, location: 2F
0-2: Ball
1-2: Foul Ball, location: 2F
1-2: Strikes out swinging
Batting: LHB Juan Jimínez 0-0: Ground out 4-3 (Groundball, 34)
Batting: RHB Harry MacCash 0-0: Bunt missed!
0-1: Swinging Strike
0-2: Strikes out swinging
Top of the 2nd over - 0 run(s), 0 hit(s), 0 error(s), 0 left on base; Syracuse 0 - Bellevue 2
BOTTOM OF THE 2ND
Bellevue Bruins batting - Pitching for Syracuse Storm : LHP Shi-xian Kuai
Batting: LHB José Vázquez 0-0: Ground out 6-3 (Groundball, 56)
Batting: LHB David Muller 0-0: Ball
1-0: Ball
2-0: Called Strike
2-1: Swinging Strike
2-2: Ball
3-2: Base on Balls
Batting: RHB Ramón Ramírez 0-0: Called Strike
0-1: Swinging Strike
0-2: Grounds into double play, 6-4-3 (Groundball, 6)
Bottom of the 2nd over - 0 run(s), 0 hit(s), 0 error(s), 0 left on base; Syracuse 0 - Bellevue 2
TOP OF THE 3RD
Syracuse Storm batting - Pitching for Bellevue Bruins : RHP Jorge Travieso
Batting: LHB Mike Clifton 0-0: Ball
1-0: Called Strike
1-1: Ball
2-1: Ball
3-1: Called Strike
3-2: Ground out 1-3 (Groundball, 13)
Batting: RHB Aethelwulf Haraldson 0-0: Reached on error, E9 (Flyball, 89M)
Batting: RHB Tsuginori Kobayashi 0-0: Ball
1-0: Called Strike
1-1: Called Strike
1-2: Fielders Choice at 2nd, 5-4 (Groundball, 5L)
Batting: LHB Juan Caro 0-0: Ball
1-0: Swinging Strike
1-1: Swinging Strike
1-2: Foul Ball, location: 2F
1-2: Strikes out looking
Top of the 3rd over - 0 run(s), 0 hit(s), 1 error(s), 1 left on base; Syracuse 0 - Bellevue 2
BOTTOM OF THE 3RD
Bellevue Bruins batting - Pitching for Syracuse Storm : LHP Shi-xian Kuai
Batting: SHB Jorge Ayala 0-0: Ball
1-0: Ball
2-0: Ball
3-0: Base on Balls
Batting: RHB Ernesto Bea 0-0: Ball
Jorge Ayala is caught stealing 2nd base
1-0: Foul Ball, location: 2F
1-1: Ball
2-1: Ball
3-1: Called Strike
3-2: Base on Balls
Batting: RHB Ernesto Trevino 0-0: Called Strike
0-1: Ball
1-1: Ball
2-1: Swinging Strike
2-2: Strikes out swinging
Batting: RHB Miguel Elías 0-0: DOUBLE (Groundball, 5L)
Ernesto Bea to third
Batting: RHB Richard Cutshall 0-0: SINGLE (Line Drive, 78S)
Ernesto Bea scores
Miguel Elías to third
Batting: RHB Rafael Aguilar 0-0: Fly out, F3 (Popup, 3L)
Bottom of the 3rd over - 1 run(s), 2 hit(s), 0 error(s), 2 left on base; Syracuse 0 - Bellevue 3
TOP OF THE 4TH
Syracuse Storm batting - Pitching for Bellevue Bruins : RHP Jorge Travieso
Batting: LHB António Paez 0-0: SINGLE (Groundball, 34D)
Batting: RHB Scotty Smalls 0-0: Called Strike
0-1: Ball
1-1: Foul Ball, location: 2F
1-2: Ball
2-2: Grounds into double play, 5-4-3 (Groundball, 56)
Batting: RHB Tommy Caplinger 0-0: Foul Ball, location: 2F
0-1: Called Strike
0-2: Ball
1-2: Ball
2-2: Foul Ball, location: 2F
2-2: Strikes out looking
Top of the 4th over - 0 run(s), 1 hit(s), 0 error(s), 0 left on base; Syracuse 0 - Bellevue 3
BOTTOM OF THE 4TH
Bellevue Bruins batting - Pitching for Syracuse Storm : LHP Shi-xian Kuai
Batting: LHB José Vázquez 0-0: Called Strike
0-1: Ball
1-1: Foul Ball, location: 2F
1-2: Strikes out swinging
Batting: LHB David Muller 0-0: Called Strike
0-1: Ball
1-1: Swinging Strike
1-2: Ball
2-2: SINGLE (Groundball, 34) (infield hit)
Batting: RHB Ramón Ramírez 0-0: Fielders Choice at 2nd, 5-4 (Groundball, 56)
Batting: SHB Jorge Ayala 0-0: Ball
1-0: Called Strike
1-1: Ball
2-1: Foul Ball, location: 2F
2-2: Ball
Ramón Ramírez steals 2nd base
3-2: Foul Ball, location: 2F
3-2: Base on Balls
Batting: RHB Ernesto Bea 0-0: Ball
1-0: Called Strike
1-1: Ball
2-1: Foul Ball, location: 2F
2-2: Foul Ball, location: 2F
2-2: Fly out, F8 (Flyball, 78D)
Bottom of the 4th over - 0 run(s), 1 hit(s), 0 error(s), 2 left on base; Syracuse 0 - Bellevue 3
TOP OF THE 5TH
Syracuse Storm batting - Pitching for Bellevue Bruins : RHP Jorge Travieso
Batting: LHB Juan Jimínez 0-0: Called Strike
0-1: Foul Ball, location: 2F
0-2: DOUBLE (Line Drive, 89D)
Batting: RHB Harry MacCash 0-0: Fly out, F7 (Flyball, 78M)
Batting: LHB Mike Clifton 0-0: Ball
1-0: Called Strike
1-1: Swinging Strike
1-2: SINGLE (Line Drive, 9S)
Juan Jimínez to third
Batting: RHB Aethelwulf Haraldson 0-0: Foul Ball, location: 2F
0-1: Grounds into double play, 4-6-3 (Groundball, 4D)
Top of the 5th over - 0 run(s), 2 hit(s), 0 error(s), 1 left on base; Syracuse 0 - Bellevue 3
BOTTOM OF THE 5TH
Bellevue Bruins batting - Pitching for Syracuse Storm : LHP Shi-xian Kuai
Batting: RHB Ernesto Trevino 0-0: Swinging Strike
0-1: Foul Ball, location: 2F
0-2: Strikes out looking
Batting: RHB Miguel Elías 0-0: Ball
1-0: SINGLE (Groundball, 34D)
Batting: RHB Richard Cutshall 0-0: Foul Ball, location: 2F
0-1: Called Strike
0-2: Foul Ball, location: 2F
0-2: Ball
1-2: Ball
2-2: Foul Ball, location: 2F
2-2: Ball
3-2: Foul Ball, location: 2F
3-2: Grounds into double play, 4-6-3 (Groundball, 4M)
Bottom of the 5th over - 0 run(s), 1 hit(s), 0 error(s), 0 left on base; Syracuse 0 - Bellevue 3
TOP OF THE 6TH
Syracuse Storm batting - Pitching for Bellevue Bruins : RHP Jorge Travieso
Batting: RHB Tsuginori Kobayashi 0-0: Ball
1-0: Called Strike
1-1: Ball
2-1: SINGLE (Groundball, 56D)
Batting: LHB Juan Caro 0-0: Ball
1-0: Swinging Strike
1-1: Ball
2-1: Sac Bunt - play at first, batter safe!
Tsuginori Kobayashi to second
Batting: LHB António Paez 0-0: Ball
1-0: Foul Ball, location: 2F
1-1: Foul Ball, location: 2F
1-2: Ball
2-2: Fly out, F6 (Line Drive, 6D)
Batting: RHB Scotty Smalls 0-0: Ball
1-0: Swinging Strike
1-1: Swinging Strike
1-2: Ball
2-2: Ball
3-2: Foul Ball, location: 2F
3-2: Strikes out swinging
Tsuginori Kobayashi is caught stealing 3rd base
Batter strikes out.
Top of the 6th over - 0 run(s), 2 hit(s), 0 error(s), 1 left on base; Syracuse 0 - Bellevue 3
BOTTOM OF THE 6TH
Bellevue Bruins batting - Pitching for Syracuse Storm : LHP Shi-xian Kuai
Batting: RHB Rafael Aguilar 0-0: Ball
1-0: Called Strike
1-1: Called Strike
1-2: DOUBLE (Line Drive, 89M)
Batting: LHB José Vázquez 0-0: Intentional Walk
Pitching: RHP Joel Farrell
Batting: LHB David Muller 0-0: Sac Bunt - play at first, batter OUT! 1-3
Rafael Aguilar to third
José Vázquez to second
Batting: RHB Ramón Ramírez 0-0: Foul Ball, location: 2F
0-1: Called Strike
0-2: Foul Ball, location: 2F
0-2: Foul Ball, location: 2F
0-2: Strikes out swinging
Batting: SHB Jorge Ayala 0-0: Ball
1-0: Ball
2-0: DOUBLE (Flyball, 7LM)
Rafael Aguilar scores
José Vázquez scores
Batting: RHB Ernesto Bea 0-0: Called Strike
0-1: Ball
1-1: Ball
Wild Pitch!
Jorge Ayala to third
2-1: Ball
3-1: Called Strike
3-2: Foul Ball, location: 2F
3-2: Fly out, F7 (Line Drive, 7)
Bottom of the 6th over - 2 run(s), 2 hit(s), 0 error(s), 1 left on base; Syracuse 0 - Bellevue 5
TOP OF THE 7TH
Syracuse Storm batting - Pitching for Bellevue Bruins : RHP Jorge Travieso
Batting: RHB Tommy Caplinger 0-0: Ball
1-0: SINGLE (Line Drive, 6MD)
Batting: LHB Juan Jimínez 0-0: Ball
1-0: Ball
2-0: Foul Ball, location: 2F
2-1: Foul Ball, location: 2F
2-2: Fly out, F5 (Popup, 5S)
Batting: RHB Harry MacCash 0-0: Fly out, F8 (Flyball, 8RM)
Batting: LHB Mike Clifton 0-0: Swinging Strike
0-1: Swinging Strike
0-2: Foul Ball, location: 2F
0-2: Strikes out looking
Top of the 7th over - 0 run(s), 1 hit(s), 0 error(s), 1 left on base; Syracuse 0 - Bellevue 5
BOTTOM OF THE 7TH
Bellevue Bruins batting - Pitching for Syracuse Storm : RHP Joel Farrell
Batting: RHB Ernesto Trevino 0-0: Swinging Strike
0-1: Ball
1-1: Swinging Strike
1-2: Strikes out swinging
Batting: RHB Miguel Elías 0-0: Ball
1-0: SINGLE (Groundball, 6M) (infield hit)
Batting: RHB Richard Cutshall 0-0: Ball
1-0: Ball
2-0: Ball
3-0: Called Strike
3-1: Called Strike
3-2: 2-RUN HOME RUN (Line Drive, 9LD), Distance : 371 ft
Batting: RHB Rafael Aguilar 0-0: Foul Ball, location: 2F
0-1: Swinging Strike
0-2: SINGLE (Groundball, 34D)
Batting: LHB José Vázquez 0-0: Grounds into double play, 4-6-3 (Groundball, 4)
Bottom of the 7th over - 2 run(s), 3 hit(s), 0 error(s), 0 left on base; Syracuse 0 - Bellevue 7
TOP OF THE 8TH
Syracuse Storm batting - Pitching for Bellevue Bruins : RHP Jorge Travieso
Batting: RHB Aethelwulf Haraldson 0-0: Ball
1-0: Ground out 6-3 (Groundball, 6)
Batting: RHB Tsuginori Kobayashi 0-0: Called Strike
0-1: Called Strike
0-2: Strikes out looking
Batting: LHB Juan Caro 0-0: Ball
1-0: Ball
2-0: Fly out, F8 (Line Drive, 8RM)
Top of the 8th over - 0 run(s), 0 hit(s), 0 error(s), 0 left on base; Syracuse 0 - Bellevue 7
BOTTOM OF THE 8TH
Bellevue Bruins batting - Pitching for Syracuse Storm : RHP Joel Farrell
Batting: LHB David Muller 0-0: Foul Ball, location: 2F
0-1: Called Strike
0-2: Ball
1-2: Strikes out swinging, 2-3 out at first.
Batting: RHB Ramón Ramírez 0-0: Called Strike
0-1: Swinging Strike
0-2: Ball
1-2: Ball
2-2: Fly out, F7 (Flyball, 7LM)
Batting: SHB Jorge Ayala 0-0: Called Strike
0-1: Ball
1-1: Foul Ball, location: 2F
1-2: Foul Ball, location: 2F
1-2: Ball
2-2: Foul Ball, location: 2F
2-2: Ball
3-2: Strikes out swinging
Bottom of the 8th over - 0 run(s), 0 hit(s), 0 error(s), 0 left on base; Syracuse 0 - Bellevue 7
TOP OF THE 9TH
Syracuse Storm batting - Pitching for Bellevue Bruins : RHP Jorge Travieso
Batting: LHB António Paez 0-0: Called Strike
0-1: Ball
1-1: Ground out 4-3 (Groundball, 34D)
Batting: RHB Scotty Smalls 0-0: Foul Ball, location: 2F
0-1: Called Strike
0-2: Ball
1-2: Foul Ball, location: 2F
1-2: Foul Ball, location: 2F
1-2: Ball
2-2: Ball
3-2: Fly out, F8 (Flyball, 8RM)
Batting: RHB Tommy Caplinger 0-0: Foul Ball, location: 2F
0-1: Ball
1-1: Fly out, F9 (Flyball, 9LSF)
Top of the 9th over - 0 run(s), 0 hit(s), 0 error(s), 0 left on base; Syracuse 0 - Bellevue 7
Wednesday, August 23rd, 2017 - OOTP Baseball 17.12 Build 75